 Dungeon Crawl Stone Soup version 0.25-a0-50-gf0389da217 (webtiles) character file.

Game seed: 15744728513714676779, levelgen mode: deterministic

438 Mort the Cutter (level 7, -1/45 HPs)
             Began as a Halfling Monk on Oct 24, 2019.
             Slain by an orc warrior
             ... wielding a +0 short sword of venom
              (15 damage)
             ... on level 6 of the Dungeon.
             The game lasted 00:15:16 (5415 turns).

Mort the Cutter (Halfling Monk)                     Turns: 5415, Time: 00:15:17

Health: -1/45      AC:  5    Str: 14    XL:     7   Next: 22%
Magic:  7/7        EV: 14    Int:  8    God:
Gold:   204        SH:  0    Dex: 17    Spells: 6/6 levels left

rFire    . . .     SeeInvis .   q - +0 dagger (venom)
rCold    . . .     Gourm    .   (shield restricted)
rNeg     . . .     Faith    .   w - +0 ring mail {rPois}
rPois    +         Spirit   .   (no helmet)
rElec    .         Reflect  .   (no cloak)
rCorr    .         Harm     .   (no gloves)
MR       .....                  (no boots)
Stlth    ++........             (no amulet)
HPRegen  0.15/turn              (no ring)
MPRegen  0.10/turn              (no ring)

@: lethally poisoned (-1 -> -6), slowed, very slow
A: small, mutation resistance 1
a: no special abilities


You were on level 6 of the Dungeon.
You were not hungry.

You visited 1 branch of the dungeon, and saw 6 of its levels.

You collected 204 gold pieces.

Inventory:

Hand Weapons
 a - a +0 short sword
 q - a +0 dagger of venom (weapon)
 y - a +0 hunting sling
Missiles
 i - 25 sling bullets
 l - 98 stones (quivered)
 o - a throwing net
 u - 7 poisoned darts
Armour
 v - a +0 buckler
 w - a +0 ring mail of poison resistance (worn)
Jewellery
 r - an uncursed ring of ice
Wands
 A - a wand of flame (5)
Scrolls
 d - a scroll of identify
 f - a scroll of enchant armour {unknown}
 g - 5 scrolls of teleportation
 k - a scroll of noise
 m - 2 scrolls of fear {unknown}
 t - a scroll of remove curse
 z - a scroll of amnesia
Potions
 b - a potion of flight
 e - a potion of berserk rage
 h - 3 potions of lignification
 n - a potion of curing {unknown}
 p - a potion of might {unknown}
 s - a potion of heal wounds {unknown}
 x - a potion of agility {unknown}
Comestibles
 c - 7 rations
 j - a chunk of flesh


   Skills:
 - Level 2.6 Fighting
 + Level 7.8 Short Blades
 - Level 3.2 Dodging
 - Level 2.1 Stealth
 + Level 4.1 Shields


You had 6 spell levels left.
You didn't know any spells.
Your spell library was empty.

Dungeon Overview and Level Annotations

Branches:
Dungeon (6/15)
 Temple: D:4-7

Altars:
Nemelex Xobeh
Qazlal
Ru
Vehumet

Shops:
D:4 (


Innate Abilities, Weirdness & Mutations

You are small and have problems with some larger weapons.
You are somewhat resistant to further mutation.


Message History

The orc wizard misses you.
The orc wizard points at you and mumbles some strange words.
The magic dart hits you!
The orc wizard hits you but does no damage.
The orc wizard is no longer moving quickly.
The orc wizard hits you but does no damage.
You hit the orc wizard but do no damage.
The orc wizard is poisoned.
The orc wizard misses you.
You hit the orc wizard.
The orc wizard looks as sick as possible!
The orc wizard is moderately wounded.
The orc wizard mumbles some strange words.
The orc wizard blinks!
You hit the orc wizard.
You kill the orc wizard!
The orc warrior hits you with a +0 short sword of venom.
You are poisoned.
You feel sick.
The orc warrior hits you with a +0 short sword of venom!
You die...

#########
#.......#
#.......#
#.......#########
#............<..#
####...#######..#
#.....#######..##
#......ogcFo@.##
.....###.r#######
#... ##.## .?#
#o.# . ##.#
####o#####
#...o....#
#.ยง......#
#######......o.#


You could see an orc warrior, a bullfrog, a centaur, a gnoll, an orc and a
quokka.

Vanquished Creatures
  A phantom (D:4)
  A hound (D:4)
  An orc wizard (D:6)
  Jessica (D:3)
  2 worker ants (D:4)
  3 gnolls (D:3)
  8 adders
  4 worms
  7 dart slugs
  4 leopard geckos
  2 orcs
  7 bats
  7 giant cockroaches
  5 hobgoblins
  2 jackals (D:1)
  4 kobolds
  4 quokkas (D:4)
  8 frilled lizards
  11 goblins
  A quokka skeleton (D:4)
  A quokka zombie (D:5)
  8 rats
92 creatures vanquished.

Notes
Turn   | Place    | Note
-------+----------+-------------------------------------------
     0 | D:1      | Mort the Halfling Monk began the quest for the Orb.
     0 | D:1      | Reached XP level 1. HP: 15/15 MP: 1/1
   279 | D:1      | Reached skill level 4 in Short Blades
   336 | D:1      | Reached XP level 2. HP: 20/20 MP: 2/2
  1754 | D:2      | Reached XP level 3. HP: 23/25 MP: 3/3
  1860 | D:2      | Reached skill level 5 in Short Blades
  1885 | D:2      | Found a faded altar of an unknown god.
  2326 | D:2      | Reached XP level 4. HP: 29/30 MP: 4/4
  2778 | D:2      | Reached skill level 6 in Short Blades
  3208 | D:3      | Reached skill level 1 in Shields
  3208 | D:3      | Reached XP level 5. HP: 35/35 MP: 5/5
  3579 | D:3      | You fall into a shaft and drop 3 floors!
  3602 | D:5      | Entered Level 5 of the Dungeon
  3896 | D:4      | Found a stormy altar of Qazlal.
  3898 | D:4      | Noticed a fire elemental
  3899 | D:4      | Noticed an air elemental
  3899 | D:4      | Noticed a water elemental
  4058 | D:3      | Reached XP level 6. HP: 41/41 MP: 6/6
  4190 | D:3      | Found a sparkling altar of Nemelex Xobeh.
  4190 | D:3      | Found a sacrificial altar of Ru.
  4377 | D:3      | Reached skill level 7 in Short Blades
  4474 | D:3      | Found a radiant altar of Vehumet.
  4521 | D:3      | Noticed Jessica
  4529 | D:3      | Killed Jessica
  4868 | D:4      | Noticed a phantom
  4924 | D:4      | Killed a phantom
  4924 | D:4      | Reached XP level 7. HP: 15/45 MP: 7/7
  5262 | D:4      | Found Lix Baopp's Weapon Shop.
  5315 | D:4      | You fall into a shaft and drop 2 floors!
  5415 | D:6      | Slain by an orc warrior

Levels and vault maps discovered:
D:1:      minmay_arrival_nine_rooms, layout_basic, lemuel_flame_loot_1
D:2:      cheibrodos_old_hovel, layout_basic, first_ration,
          chequers_ecumenical_altar_island
D:3:      layout_loops_corners, marbit_many_paths,
          gammafunk_temple_overflow_wave, serial_park_tiny_1, uniq_jessica
D:4:      layout_basic, nicolae_qazlal_style_of_elements, serial_shops,
          nicolae_shop_behind_doors
D:5:      layout_loops_cross, grunt_dithmenos_smoke_and_mirrors,
          minmay_temple_entry_glass, hex_tiny
D:6:      layout_rooms

Skill      XL: |  1  2  3  4  5  6  7 |
---------------+----------------------+-----
Short Blades   | 4 5 6 7 |  7.8
Shields        | 1 2 3 4 |  4.1
Fighting       | |  2.6
Dodging        | |  3.2
Stealth        | |  2.1

Action                   |  1- 3 |  4- 6 |  7- 9 || total
-------------------------+-------+-------+-------++-------
Melee: Short sword       |    86 |       |       ||    86
       Dagger            |    26 |   229 |    30 ||   285
Evoke: Wand              |       |     6 |     1 ||     7
  Use: Scroll            |       |     8 |       ||     8
 Stab: Sleeping          |     6 |     5 |       ||    11
  Eat: Ration            |     1 |       |       ||     1
       Chunk             |     1 |     8 |     2 ||    11
Armor: Robe              |    14 |       |       ||    14
       Ring mail         |       |    31 |     5 ||    36
Dodge: Dodged            |    64 |   105 |    14 ||   183

Table legend:
 A = Non-vault XP
 B = Vault XP
 C = Vault XP percentage of total XP
 D = Non-vault monster count
 E = Vault monster count
 F = Vault count percentage of total count
                 A         B        C        D         E       F
            +---------+---------+-------+---------+---------+-------
      Total |     586 |      41 |   6.5 |      89 |       3 |   3.3
            +---------+---------+-------+---------+---------+-------
        D:1 |      23 |       0 |   0.0 |      10 |       0 |   0.0
        D:2 |      83 |       2 |   2.4 |      29 |       1 |   3.3
        D:3 |     148 |      39 |  20.9 |      32 |       2 |   5.9
        D:4 |     272 |       0 |   0.0 |      14 |       0 |   0.0
        D:5 |       1 |       0 |   0.0 |       1 |       0 |   0.0
        D:6 |      59 |       0 |   0.0 |       3 |       0 |   0.0
            +---------+---------+-------+---------+---------+-------
